 Dungeon Sprint DCSS version 0.29-a0-284-gf9362112df (webtiles) character file.

Game seed: 4840981383739677721

275222 mhtbhm the Minotaur Porcupine (level 17, -6/286 HPs)
             Began as a Minotaur Berserker on Mar 23, 2022.
             Was a High Priest of Trog.
             Mangled by Gloorx Vloq (20 damage)
             ... in the Dungeon (Sprint III: "The Ten Rune Challenge") on Mar 24, 2022.
             The game lasted 00:40:09 (18306 turns).

mhtbhm the Minotaur Porcupine (Minotaur Berserker) Turns: 18306, Time: 00:40:10

Health: -6/286     AC: 45    Str: 29    XL:     17   Next: 31%
Magic:  22/22      EV: 14    Int:  6    God:    Trog [*****.]
Gold:   1999       SH: 33    Dex: 17    Spells: 16/16 levels left

rFire   + + .      SeeInvis .   a - +17 lance "Wyrmbane" {slay drac, rPois rF+ rC+ AC+3}
rCold   + + +      Faith    .   F - +2 tower shield {reflect}
rNeg    + + +      Spirit   .   b - +6 gold dragon scales
rPois   +          Reflect  +   k - +0 hat
rElec   .          Harm     .   G - +0 cloak
rCorr   .          Rampage  .   M - +1 pair of gloves {Str+3}
Will    +++..      NoTele   +   (no boots)
Stlth   ..........              c - amulet of reflection
HPRegen 1.57/turn               v - ring of flight
MPRegen 0.18/turn               R - ring "Pasocae" {Drain rC+ rN+++ Str-4 Dex+5}

@: berserking, lethally poisoned (-6 -> -10), strong-willed, flying,
regenerating, very quick
A: horns 2, retaliatory headbutt, iridescent scales 2, clever 1, high MP 1,
strong 1
}: 6/10 runes: serpentine, barnacled, silver, obsidian, icy, demonic
a: Renounce Religion, Berserk, Trog's Hand, Brothers in Arms


You were in the Dungeon.
You worshipped Trog.
Trog was extremely pleased with you.
You visited 1 branch You collected 5787 gold pieces.
You spent 3788 gold pieces at shops.

Inventory:

Hand Weapons
 a - the +17 lance "Wyrmbane" (weapon) {slay drac, rPois rF+ rC+ AC+3}
   (You found it in the Dungeon)

   It inflicts extra damage against dragons and draconians.
   AC:        It affects your AC (+3).
   rF:        It protects you from fire.
   rC:        It protects you from cold.
   rPois:     It protects you from poison.
 w - the +10 glaive of Vivaaps {vorpal, Contam rN+ Dex+7 SInv}
   (Trog gifted it to you in the Dungeon)

   It inflicts extra damage upon your enemies.
   Dex:       It affects your dexterity (+7).
   rN:        It protects you from negative energy.
   SInv:      It lets you see invisible.
   Contam:    It causes magical contamination when unequipped.
 x - the +6 halberd of Viana {vorpal, rN+++ Will- rCorr}
   (Trog gifted it to you in the Dungeon)

   It inflicts extra damage upon your enemies.
   rN:        It renders you almost immune to negative energy.
   rCorr:     It protects you from acid and corrosion.
   Will:      It decreases your willpower.
 E - a +8 eudemon blade of holy wrath
Missiles
 s - 8 javelins
 u - 7 curare-tipped darts (quivered)
 C - 17 silver javelins
Armour
 b - +6 gold dragon scales (worn)
 k - a +0 hat (worn)
 F - a +2 tower shield of reflection (worn)
 G - a +0 cloak (worn)
 M - a +1 pair of gloves of strength (worn)
Jewellery
 c - an amulet of reflection (around neck)
 t - a ring of see invisible
 v - a ring of flight (left hand)
 R - the ring "Pasocae" (right hand) {Drain rC+ rN+++ Str-4 Dex+5}
   (You found it in the Dungeon)

   [ring of protection from cold]

   Str:       It affects your strength (-4).
   Dex:       It affects your dexterity (+5).
   rC:        It protects you from cold.
   rN:        It renders you almost immune to negative energy.
   Drain:     It drains your maximum health when unequipped.
Wands
 p - a wand of acid (4)
 y - a wand of mindburst (8)
 I - a wand of polymorph (5)
 K - a wand of flame (19)
 L - a wand of paralysis (6)
 P - a wand of digging (1)
Scrolls
 d - a scroll of fear
 h - 2 scrolls of blinking
 j - a scroll of immolation
 m - 4 scrolls of torment
 n - a scroll of silence
 z - 3 scrolls of vulnerability
 B - 3 scrolls of fog
 N - 7 scrolls of identify
 U - 3 scrolls of summoning
Potions
 e - 6 potions of haste
 f - 5 potions of magic
 g - a potion of berserk rage
 i - 4 potions of attraction
 l - 5 potions of flight
 o - 3 potions of mutation
 q - 2 potions of invisibility
 A - 2 potions of might
 D - 4 potions of curing
 Q - 4 potions of resistance
Miscellaneous
 r - a box of beasts
 J - the horn of Geryon
 S - a tin of tremorstones (2/2)
 T - a phantom mirror
 Y - a condenser vane (inert)


   Skills:
 O Level 27 Fighting
 + Level 6.1(7.3) Short Blades
 + Level 6.7(8.0) Long Blades
 + Level 6.2(19.3) Axes
 + Level 6.3(8.6) Maces & Flails
 O Level 27 Polearms
 + Level 6.2(19.3) Staves
 + Level 5.7(7.9) Slings
 + Level 5.7 Bows
 + Level 5.8 Crossbows
 + Level 7.7(8.4) Throwing
 O Level 27 Armour
 + Level 12.7 Dodging
 + Level 17.9 Stealth
 O Level 27 Shields
 + Level 5.7 Unarmed Combat
 + Level 5.2 Invocations
 + Level 19.3 Evocations


You had 16 spell levels left.
You didn't know any spells.
Your spell library was empty.

Dungeon Overview and Level Annotations

Branches:
Dungeon (1/1)

Altars:
Cheibriados
Dithmenos
Elyvilon
Fedhas
Gozag
Hepliaklqana
Kikubaaqudgha
Makhleb
Nemelex Xobeh
Okawaru
Qazlal
Ru
Sif Muna
Trog
Uskayaw
Vehumet
Wu Jian
Xom
Yredelemnul
Zin
The Shining One
Beogh
Jiyva
Lugonu

Shops:
D :(?(!=[![!![:([[=?[[(!?

Annotations:
D Gloorx Vloq


Innate Abilities, Weirdness & Mutations

You have a pair of horns on your head.
You reflexively headbutt those who attack you in melee.
You are mostly covered in iridescent scales. (AC +4)
Your mind is acute. (Int +2)
You have an increased reservoir of magic. (+10% MP)
Your muscles are strong. (Str +2)


Message History

The emperor scorpion dies!
The emperor scorpion's corpse disappears in a puff of smoke!
The emperor scorpion is engulfed in freezing vapours.
You kill the emperor scorpion!
The emperor scorpion's corpse disappears in a puff of smoke!
The emperor scorpion is engulfed in freezing vapours.
The death scarab is engulfed in freezing vapours.
You destroy the death scarab!
The death scarab's corpse disappears in a puff of smoke!
You puncture Gloorx Vloq!
Gloorx Vloq is lightly wounded.
You feel sick. Gloorx Vloq gestures at you. The poison arrow hits you!
You are more poisoned.
You partially resist.
* * * LOW HITPOINT WARNING * * *
The royal mummy calls on the powers of darkness!
The emperor scorpion convulses!
Your body is wracked with pain!
* * * LOW HITPOINT WARNING * * *
Your ogre convulses!
The royal mummy is engulfed in freezing vapours.
The royal mummy calls on the powers of darkness!
The emperor scorpion convulses!
Your body is wracked with pain!
* * * LOW HITPOINT WARNING * * *
Your ogre hits Gloorx Vloq with a +0 giant club.
You impale Gloorx Vloq!!
Gloorx Vloq is moderately wounded.
You feel sick.
The emperor scorpion is engulfed in dark miasma.
The emperor scorpion dies!
The emperor scorpion's corpse disappears in a puff of smoke!
Gloorx Vloq gestures.
Unknown command.
You hit Gloorx Vloq.
Gloorx Vloq is moderately wounded.
You feel sick.
Unknown command.
Gloorx Vloq attacks as you move away! Gloorx Vloq hits you!!
You die...

▓######)#############'#
▓......).........).....
▓.....)))........))....
▓................))(...
▓................))(...
▓.......)..............
▓#######§#############'
#§§M#...§# ###≈≈≈≈
#§§1&@§§.+ #(#≈###
#§1M#O§§.# ##'#≈#.# ##§
###### #≈≈≈≈#[# #
#≈≈≈≈≈≈≈ #≈≈≈≈###
####≈#:) #['≈###
###≈≈≈≈ #####


You could see Gloorx Vloq (ally target), 2 royal mummies, 2 Executioners and a
friendly ogre (summoned, berserk).

Vanquished Creatures
  the Serpent of Hell (D)
  Mennas (D)
  Mara (D)
  A royal mummy (D)
  Boris (D)
  Frederick (D)
  Geryon (D)
  Nikola (D)
  Nellie (D)
  An iron giant (D)
  Rupert (D)
  A Hell Sentinel (D)
  5 Ice Fiends (D)
  A lich (D)
  4 deep elf blademasters (D)
  A titan (D)
  An Executioner (D)
  2 sphinxes (D)
  Polyphemus (D)
  An ancient champion (D)
  Gastronok (D)
  A storm dragon (D)
  Chuck (D)
  4 shadow dragons (D)
  Dowan (D)
  A nagaraja (D)
  3 fire giants (D)
  4 azure jellies (D)
  Ilsuiw (D)
  Roxanne (D)
  A draconian knight (D)
  An iron dragon (D)
  3 stone giants (D)
  4 war gargoyles (D)
  Nessos (D)
  2 vampire knights (D)
  Azrael (D)
  A yellow draconian (D)
  2 dire elephants (D)
  4 mummy priests (D)
  An iron golem (D)
  A merfolk javelineer (D)
  4 yaktaur captains (D)
  A deep elf high priest (D)
  A fire dragon (D)
  A naga warrior (D)
  2 hell beasts (D)
  2 hydras (D)
  Erolcha (D)
  14 vault guards (D)
  An ogre mage (D)
  2 centaur warriors (D)
  2 iron elementals (D)
  4 death yaks (D)
  2 anacondas (D)
  4 orc high priests (D)
  4 dancing weapons (D)
  Urug (D)
  2 sun demons (D)
  2 deep elf knights (D)
  2 soul eaters (D)
  8 skeletal warriors (D)
  A shadow wraith (D)
  A sea snake (D)
  A death drake (D)
  A death drake (shapeshifter) (D)
  A glowing orange brain (D)
  A golden dragon zombie (D)
  2 obsidian statues (D)
  A deep troll (shapeshifter) (D)
  3 kraken simulacra (D)
  2 orc knights (D)
  A lindwurm (D)
  A spriggan druid (D)
  A deep elf zephyrmancer (D)
  4 deep elf pyromancers (D)
  A lindwurm (shapeshifter) (D)
  3 ugly things (D)
  4 crystal guardians (D)
  2 oklob plants (D)
  A moth of wrath (shapeshifter) (D)
  A shining eye (D)
  2 stone giant skeletons (D)
  7 black mambas (D)
  2 elephants (D)
  A guardian serpent (D)
  A molten gargoyle (D)
  3 rust devils (D)
  An iron troll simulacrum (D)
  8 statues (D)
  2 cane toads (D)
  Duvessa (D)
  6 hellions (D)
  A rime drake (D)
  12 yaktaurs (D)
  A komodo dragon (shapeshifter) (D)
  3 anaconda simulacra (D)
  A komodo dragon (D)
  A queen bee (D)
  2 ice devils (D)
  4 guardian mummies (D)
  3 wandering mushrooms (D)
  3 hornets (D)
  4 spriggan defenders (D)
  2 tyrant leeches (D)
  A merfolk (shapeshifter) (D)
  A meliai (shapeshifter) (D)
  9 slime creatures (D)
  3 dream sheep (D)
  8 blink frogs (D)
  3 shadows (D)
  2 spriggans (D)
  A golden eye (D)
  5 redbacks (D)
  A spatial vortex (D)
  2 nagas (D)
  7 water moccasins (D)
  2 floating eyes (D)
  3 hydra simulacra (D)
  A swamp drake (D)
  An orc warrior (D)
  A fire dragon simulacrum (D)
  5 two-headed ogres (D)
  A water elemental (D)
  A necrophage (D)
  32 killer bees (D)
  7 electric eels (D)
  A jelly (D)
  6 orc priests (D)
  Jessica (D)
  5 orc wizards (D)
  A necromancer (D)
  A polar bear simulacrum (D)
  3 humans (D)
  A kobold demonologist (D)
  7 adders (D)
  A phantom (D)
  5 orcs (D)
  2 endoplasms (D)
  A rat (D)
  A bush (D)
  2 butterflies (D)
  4 plants (D)
371 creatures vanquished.

Vanquished Creatures (collateral kills)
  Antaeus (D)
  A golden dragon (D)
  A Brimstone Fiend (D)
  3 vault guards (D)
  A yaktaur (D)
  An orc (D)
8 creatures vanquished.

Vanquished Creatures (others)
  A wizard (D)
  4 ball lightnings (D)
  4 ballistomycete spores (D)
  3 bushes (D)
  34 plants (D)
  4 tentacles (D)
50 creatures vanquished.

Grand Total: 429 creatures vanquished

Notes
Turn   | Place    | Note
-------+----------+-------------------------------------------
     0 | D        | mhtbhm the Minotaur Berserker began the quest for the Orb.
     0 | D        | Reached XP level 1. HP: 19/19 MP: 0/0
    93 | D        | Noticed Jessica
    97 | D        | Killed Jessica
    97 | D        | Reached ** piety under Trog
    98 | D        | Reached skill level 5 in Fighting
    98 | D        | Reached skill level 5 in Polearms
    98 | D        | Reached XP level 2. HP: 29/29 MP: 1/1
    98 | D        | Reached XP level 3. HP: 36/36 MP: 2/2
   219 | D        | Gained mutation: You do not regenerate when monsters are
                  | visible. [potion of mutation]
   219 | D        | Gained mutation: You tend to lose your temper in combat.
                  | [potion of mutation]
   219 | D        | Gained mutation: You often lose your temper in combat.
                  | [potion of mutation]
   221 | D        | Lost mutation: You often lose your temper in combat.
                  | [potion of mutation]
   221 | D        | Lost mutation: You do not regenerate when monsters are
                  | visible. [potion of mutation]
   221 | D        | Lost mutation: You tend to lose your temper in combat.
                  | [potion of mutation]
   221 | D        | Gained mutation: You have hidden genetic defects. [potion
                  | of mutation]
   221 | D        | Gained mutation: Your spells are a little harder to cast,
                  | but a little more powerful. [potion of mutation]
   221 | D        | Gained mutation: You are partially covered in iridescent
                  | scales. (AC +2) [potion of mutation]
   222 | D        | Lost mutation: You have hidden genetic defects. [potion of
                  | mutation]
   222 | D        | Lost mutation: Your spells are a little harder to cast, but
                  | a little more powerful. [potion of mutation]
   222 | D        | Gained mutation: You are mostly covered in iridescent
                  | scales. (AC +4) [potion of mutation]
   222 | D        | Gained mutation: Your muscles are strong. (Str +2) [potion
                  | of mutation]
   222 | D        | Gained mutation: You have an increased reservoir of magic.
                  | (+10% MP) [potion of mutation]
   238 | D        | Noticed a water elemental
   245 | D        | Killed a water elemental
   245 | D        | Reached *** piety under Trog
   246 | D        | Reached skill level 1 in Stealth
   246 | D        | Reached XP level 4. HP: 47/47 MP: 3/3
   387 | D        | Found a radiant altar of Vehumet.
   387 | D        | Found a shimmering blue altar of Sif Muna.
   387 | D        | Found an ancient bone altar of Kikubaaqudgha.
   387 | D        | Noticed a wizard
   393 | D        | Killed a wizard
   396 | D        | Reached XP level 5. HP: 39/53 MP: 4/4
   513 | D        | Found a basalt altar of Yredelemnul.
   513 | D        | Found a shadowy altar of Dithmenos.
   513 | D        | Found a sacrificial altar of Ru.
   517 | D        | Reached **** piety under Trog
   518 | D        | Reached skill level 10 in Polearms
   518 | D        | Reached skill level 5 in Armour
   593 | D        | Found a hide-covered altar of Uskayaw.
   593 | D        | Found an iron altar of Okawaru.
   593 | D        | Found a bloodstained altar of Trog.
   593 | D        | Found an ornate altar of the Wu Jian Council.
   593 | D        | Noticed a human
   593 | D        | Noticed a human
   600 | D        | Killed a human
   601 | D        | Reached skill level 5 in Dodging
   601 | D        | Reached XP level 6. HP: 66/66 MP: 5/5
   604 | D        | Killed a human
   605 | D        | Reached skill level 10 in Fighting
   646 | D        | Found a glowing silver altar of Zin.
   646 | D        | Found a glowing golden altar of the Shining One.
   646 | D        | Found a white marble altar of Elyvilon.
   647 | D        | Noticed a deep elf pyromancer
   652 | D        | Killed a deep elf pyromancer
   653 | D        | Reached XP level 7. HP: 75/75 MP: 6/6
   693 | D        | Noticed a shadow
   702 | D        | Reached ***** piety under Trog
   704 | D        | Killed a shadow
   705 | D        | Reached XP level 8. HP: 72/83 MP: 7/7
   713 | D        | Found a blossoming altar of Fedhas.
   713 | D        | Found a stormy altar of Qazlal.
   713 | D        | Found a snail-covered altar of Cheibriados.
   713 | D        | Found a burning altar of Makhleb.
   713 | D        | Found a shimmering altar of Xom.
   714 | D        | Found a hazy altar of Hepliaklqana.
   714 | D        | Found an opulent altar of Gozag.
   714 | D        | Found a sparkling altar of Nemelex Xobeh.
   714 | D        | Found a corrupted altar of Lugonu.
   714 | D        | Found a viscous altar of Jiyva.
   775 | D        | Received a gift from Trog
   783 | D        | Reached skill level 15 in Polearms
  1072 | D        | Noticed a two-headed ogre
  1089 | D        | Killed a two-headed ogre
  1144 | D        | Noticed Erolcha
  1144 | D        | Noticed a two-headed ogre
  1150 | D        | Killed Erolcha
  1151 | D        | Reached skill level 10 in Armour
  1151 | D        | Reached XP level 9. HP: 93/93 MP: 8/8
  1153 | D        | Killed a two-headed ogre
  1372 | D        | Noticed a wandering mushroom
  1377 | D        | Noticed a wandering mushroom
  1393 | D        | Killed a wandering mushroom
  1393 | D        | Received a gift from Trog
  1397 | D        | Noticed a wandering mushroom
  1404 | D        | Killed a wandering mushroom
  1409 | D        | Killed a wandering mushroom
  1497 | D        | Noticed a cane toad
  1497 | D        | Noticed a komodo dragon
  1497 | D        | Noticed a cane toad
  1503 | D        | Killed a cane toad
  1507 | D        | Killed a cane toad
  1508 | D        | Reached skill level 15 in Fighting
  1508 | D        | Reached XP level 10. HP: 77/105 MP: 10/10
  1795 | D        | Received a gift from Trog
  1819 | D        | Reached ****** piety under Trog
  2305 | D        | Received a gift from Trog
  2336 | D        | Noticed a lindwurm
  2340 | D        | Killed a lindwurm
  2364 | D        | Noticed Urug
  2368 | D        | Killed Urug
  2477 | D        | Noticed an orc high priest
  2482 | D        | Noticed an orc high priest
  2484 | D        | Received a gift from Trog
  2490 | D        | Found Puiskin's Weapon Shoppe.
  2499 | D        | Killed an orc high priest
  2500 | D        | Reached XP level 11. HP: 66/116 MP: 11/11
  2509 | D        | Killed an orc high priest
  2509 | D        | Received a gift from Trog
  2526 | D        | Identified the +5 trident "Vadois" {vorpal, *Rage rPois
                  | rF++ Str+2} (Trog gifted it to you in the Dungeon)
  2526 | D        | Received a gift from Trog
  2783 | D        | Noticed a deep elf pyromancer
  2783 | D        | Noticed a deep elf knight
  2783 | D        | Noticed a deep elf pyromancer
  2783 | D        | Noticed a deep elf zephyrmancer
  2783 | D        | Noticed a deep elf pyromancer
  2791 | D        | Killed a deep elf zephyrmancer
  2793 | D        | Killed a deep elf pyromancer
  2797 | D        | Killed a deep elf knight
  2798 | D        | Reached skill level 10 in Dodging
  2798 | D        | Reached skill level 1 in Evocations
  2800 | D        | Killed a deep elf pyromancer
  2800 | D        | Received a gift from Trog
  2803 | D        | Killed a deep elf pyromancer
  2899 | D        | Noticed a deep elf demonologist
  2900 | D        | Noticed a deep elf annihilator
  3060 | D        | Received a gift from Trog
  3071 | D        | Received a gift from Trog
  3086 | D        | Received a gift from Trog
  3099 | D        | Received a gift from Trog
  3206 | D        | Noticed Dowan
  3211 | D        | Noticed Duvessa
  3212 | D        | Killed Dowan
  3213 | D        | Reached skill level 15 in Armour
  3226 | D        | Killed Duvessa
  3357 | D        | Noticed a soul eater
  3382 | D        | Reached skill level 1 in Throwing
  3627 | D        | Noticed an obsidian statue
  3642 | D        | Killed an obsidian statue
  3699 | D        | Found Xiarum's Jewellery Emporium.
  3699 | D        | Found Gouwehit's Antique Armour Shop.
  3699 | D        | Found Ehys's Magic Scroll Shoppe.
  3699 | D        | Found Surep's Magic Scroll Emporium.
  3699 | D        | Found Nysa's Distillery.
  3699 | D        | Found Ysuude's Weapon Emporium.
  3699 | D        | Found Bayref's Antique Armour Boutique.
  3700 | D        | Found Caampi's Antique Armour Boutique.
  3700 | D        | Found Fepruhap's Armour Shoppe.
  3700 | D        | Found Mofraij's Antique Weapon Shop.
  3700 | D        | Found Woriob's Book Emporium.
  3737 | D        | Bought runed gold dragon scales for 1660 gold pieces
  3751 | D        | Bought a scroll of enchant weapon for 97 gold pieces
  3751 | D        | Bought a scroll of enchant weapon for 97 gold pieces
  3769 | D        | Bought a ring of flight for 192 gold pieces
  3800 | D        | Received a gift from Trog
  3801 | D        | Reached XP level 12. HP: 132/132 MP: 12/12
  3932 | D        | Identified the +8 whip "Ricoif" {vorpal, *Rage rPois rF+}
  4002 | D        | Noticed a centaur warrior
  4008 | D        | Killed a centaur warrior
  4106 | D        | Noticed a fire dragon
  4116 | D        | Killed a fire dragon
  4223 | D        | Found the +8 lance "Wyrmbane" {slay drac, rPois rF+ rC+
                  | AC+3}
  4237 | D        | Received a gift from Trog
  4803 | D        | Noticed a yaktaur captain
  4877 | D        | Killed a yaktaur captain
  4877 | D        | Identified the +10 glaive of Vivaaps {vorpal, Contam rN+
                  | Dex+7 SInv} (Trog gifted it to you in the Dungeon)
  4877 | D        | Received a gift from Trog
  5124 | D        | Noticed Chuck
  5162 | D        | Killed Chuck
  5412 | D        | Identified the +6 halberd of Viana {vorpal, rN+++ Will-
                  | rCorr} (Trog gifted it to you in the Dungeon)
  5412 | D        | Received a gift from Trog
  5435 | D        | Reached XP level 13. HP: 140/146 MP: 13/13
  5525 | D        | Noticed an ancient lich
  5591 | D        | Noticed a mummy priest
  5606 | D        | Killed a mummy priest
  5694 | D        | Noticed a sphinx
  5695 | D        | Noticed a sphinx
  5702 | D        | Killed a sphinx
  5705 | D        | Paralysed by a sphinx for 3 turns
  5711 | D        | Killed a sphinx
  5816 | D        | Noticed a mummy priest
  5831 | D        | Noticed a mummy priest
  5847 | D        | Killed a mummy priest
  5850 | D        | Killed a mummy priest
  6296 | D        | Received a gift from Trog
  6894 | D        | Noticed Azrael
  6905 | D        | Killed Azrael
  6939 | D        | Acquired an amulet of reflection
  6988 | D        | Identified the +8 dire flail of Subjectivity {venom, Int+4}
  6990 | D        | Noticed a deep elf death mage
  6995 | D        | Noticed a deep elf blademaster
  7126 | D        | Identified the +8 scythe "Kiluneu" {drain, rC+ Str+3 Int-3}
  7126 | D        | Noticed a deep elf demonologist
  7126 | D        | Noticed a deep elf annihilator
  7142 | D        | Noticed an Executioner
  7144 | D        | Killed a deep elf blademaster
  7154 | D        | Noticed a balrug
  7174 | D        | Noticed a Brimstone Fiend
  7180 | D        | HP: 7/149 [Brimstone Fiend/damnation[a deep elf
                  | demonologist] (29)]
  7622 | D        | Received a gift from Trog
  7623 | D        | Reached skill level 1 in Shields
  7774 | D        | Identified the +6 morningstar of the Chickpea {vorpal,
                  | *Slow rN+ Int+4 Stlth+}
  7872 | D        | Noticed Polyphemus
  7881 | D        | Received a gift from Trog
  7888 | D        | Killed Polyphemus
  7928 | D        | Noticed Ilsuiw
  7967 | D        | Killed Ilsuiw
  8102 | D        | Got a barnacled rune of Zot
  8106 | D        | Found Acioc's Distillery.
  8106 | D        | Found Teffool's Antique Armour Shop.
  8106 | D        | Found Gaadgheo's Jewellery Emporium.
  8106 | D        | Noticed a merfolk javelineer
  8119 | D        | Killed a merfolk javelineer
  8360 | D        | Noticed Rupert
  8374 | D        | Killed Rupert
  8425 | D        | Reached skill level 5 in Shields
  8430 | D        | Received a gift from Trog
  8456 | D        | Reached XP level 14. HP: 159/162 MP: 14/14
  8460 | D        | Noticed an azure jelly
  8460 | D        | Noticed an azure jelly
  8473 | D        | Identified the +11 halberd "Dir Ryix" {vorpal, rC+ Will+
                  | SInv} (Trog gifted it to you in the Dungeon)
  8473 | D        | Received a gift from Trog
  8659 | D        | Received a gift from Trog
  8716 | D        | Reached skill level 27 in Polearms
  8816 | D        | Noticed a nagaraja
  8819 | D        | Found Sybucoc's Book Boutique.
  8819 | D        | Found Zyniaw's Antique Weapon Emporium.
  8831 | D        | Killed a nagaraja
  8831 | D        | Identified the +1 trident of Fyrol {vorpal, rN+ Dex-5
                  | Stlth+} (Trog gifted it to you in the Dungeon)
  8831 | D        | Received a gift from Trog
  8878 | D        | Found Xiwias's Magic Scroll Shop.
  8887 | D        | Bought a scroll of acquirement for 572 gold pieces
  8887 | D        | Acquired 784 gold pieces
  8905 | D        | Got a serpentine rune of Zot
  8971 | D        | Noticed an azure jelly
  8971 | D        | Noticed an azure jelly
  8980 | D        | Killed an azure jelly
  8985 | D        | Killed an azure jelly
  8985 | D        | Received a gift from Trog
  8988 | D        | Killed an azure jelly
  8992 | D        | Killed an azure jelly
  8993 | D        | Reached skill level 27 in Fighting
  9040 | D        | Noticed Gastronok
  9078 | D        | Killed Gastronok
  9078 | D        | Received a gift from Trog
  9446 | D        | Noticed Frederick
  9466 | D        | Killed Frederick
  9547 | D        | Noticed a lich
  9559 | D        | Killed a lich
  9560 | D        | Reached skill level 10 in Shields
  9562 | D        | Received a gift from Trog
  9626 | D        | Noticed a shadow dragon
  9626 | D        | Noticed a shadow dragon
  9636 | D        | Killed a shadow dragon
  9641 | D        | Killed a shadow dragon
 10078 | D        | Received a gift from Trog
 10199 | D        | Noticed Boris
 10224 | D        | Killed Boris
 10224 | D        | Identified the +8 spear of Reec Ann {vorpal, rElec} (Trog
                  | gifted it to you in the Dungeon)
 10224 | D        | Received a gift from Trog
 10225 | D        | Reached skill level 27 in Armour
 10326 | D        | Received a gift from Trog
 10347 | D        | Found Ysmylees's Armour Emporium.
 10347 | D        | Found Veiczoc's Distillery.
 10347 | D        | Found Nirph's Distillery.
 10347 | D        | Found Huhais's Armour Shoppe.
 10360 | D        | Reached skill level 15 in Shields
 10478 | D        | Bought a potion of curing for 33 gold pieces
 10478 | D        | Bought a potion of curing for 33 gold pieces
 10480 | D        | Bought a potion of haste for 120 gold pieces
 10484 | D        | Identified Roxanne's Disquisition on Transmutation
 10484 | D        | Noticed Roxanne
 10503 | D        | Killed Roxanne
 10504 | D        | Reached XP level 15. HP: 174/174 MP: 15/15
 10658 | D        | Found Voisch's Distillery.
 10753 | D        | Received a gift from Trog
 10809 | D        | Noticed a black draconian knight
 10821 | D        | Received a gift from Trog
 10831 | D        | Killed a black draconian knight
 10844 | D        | Received a gift from Trog
 10955 | D        | Noticed an Executioner
 10961 | D        | Killed an Executioner
 10977 | D        | Noticed Nessos
 10988 | D        | Killed Nessos
 10999 | D        | Gained mutation: Your mind is acute. (Int +2) [a shining
                  | eye]
 11011 | D        | Identified the +9 halberd of Daum {flame, rF+ rCorr} (Trog
                  | gifted it to you in the Dungeon)
 11011 | D        | Received a gift from Trog
 11020 | D        | Paralysed by a floating eye for 4 turns
 11105 | D        | Noticed a deep elf blademaster
 11106 | D        | Noticed a deep elf blademaster
 11106 | D        | Noticed a deep elf blademaster
 11106 | D        | Noticed a deep elf blademaster
 11132 | D        | Killed a deep elf blademaster
 11146 | D        | Killed a deep elf blademaster
 11157 | D        | Killed a deep elf blademaster
 11157 | D        | Received a gift from Trog
 11167 | D        | Killed a deep elf blademaster
 11607 | D        | Noticed Nikola
 11607 | D        | Noticed a storm dragon
 11616 | D        | Killed a storm dragon
 11630 | D        | Killed Nikola
 11630 | D        | Received a gift from Trog
 11715 | D        | Received a gift from Trog
 11741 | D        | Noticed Mara
 11767 | D        | Noticed mhtbhm's illusion
 11770 | D        | Killed Mara
 11770 | D        | Received a gift from Trog
 11773 | D        | Paralysed by a vampire knight for 7 turns
 11833 | D        | Noticed an ancient champion
 11833 | D        | Found the +3 giant club "Skullcrusher" {speed, Str+7}
 11843 | D        | Killed an ancient champion
 11844 | D        | Reached skill level 27 in Shields
 11958 | D        | Reached skill level 1 in Short Blades
 11958 | D        | Reached skill level 1 in Long Blades
 11958 | D        | Reached skill level 1 in Axes
 11958 | D        | Reached skill level 1 in Maces & Flails
 11958 | D        | Reached skill level 1 in Staves
 11958 | D        | Reached skill level 1 in Slings
 11958 | D        | Reached skill level 1 in Bows
 11958 | D        | Reached skill level 1 in Crossbows
 11958 | D        | Reached skill level 5 in Stealth
 11958 | D        | Reached skill level 1 in Unarmed Combat
 11965 | D        | Reached skill level 1 in Invocations
 11976 | D        | Identified the +9 quarterstaff of Jeacyu {flame, rPois}
                  | (Trog gifted it to you in the Dungeon)
 11976 | D        | Received a gift from Trog
 12136 | D        | Noticed Geryon
 12146 | D        | Reached skill level 5 in Throwing
 12155 | D        | Received a gift from Trog
 12169 | D        | Killed Geryon
 12281 | D        | Identified the +6 giant club "Ibunliu" {speed, rElec rF+}
 12281 | D        | Noticed an iron giant
 12293 | D        | Reached skill level 5 in Evocations
 12293 | D        | Reached XP level 16. HP: 183/183 MP: 17/19
 12294 | D        | Received a gift from Trog
 12305 | D        | Killed an iron giant
 12309 | D        | Reached skill level 5 in Long Blades
 12575 | D        | Received a gift from Trog
 12591 | D        | Reached skill level 5 in Axes
 12591 | D        | Reached skill level 5 in Maces & Flails
 12591 | D        | Reached skill level 5 in Staves
 12754 | D        | Noticed a Hell Sentinel
 12775 | D        | Killed a Hell Sentinel
 12776 | D        | Reached skill level 5 in Short Blades
 12779 | D        | Reached skill level 5 in Crossbows
 12781 | D        | Identified the +1 pair of gloves of Defiance {*Corrode
                  | Int+5}
 12984 | D        | Noticed the Serpent of Hell
 13002 | D        | Killed the Serpent of Hell
 13003 | D        | Reached skill level 5 in Slings
 13003 | D        | Reached skill level 5 in Bows
 13003 | D        | Reached skill level 5 in Unarmed Combat
 13003 | D        | Reached skill level 5 in Invocations
 13016 | D        | Noticed a Brimstone Fiend
 13022 | D        | Killed a Brimstone Fiend
 13555 | D        | Noticed a shadow dragon
 13555 | D        | Noticed a golden dragon
 13555 | D        | Noticed a titan
 13555 | D        | Noticed a shadow dragon
 13593 | D        | Received a gift from Trog
 13598 | D        | Reached skill level 10 in Evocations
 13608 | D        | Killed a golden dragon
 13620 | D        | Received a gift from Trog
 13635 | D        | Killed a shadow dragon
 13653 | D        | Received a gift from Trog
 13654 | D        | Reached skill level 10 in Stealth
 13700 | D        | Killed a shadow dragon
 13700 | D        | Received a gift from Trog
 13727 | D        | Killed a titan
 13727 | D        | Identified the +5 eveningstar of the Several Wonders
                  | {flame, rPois Will+} (Trog gifted it to you in the Dungeon)
 13727 | D        | Received a gift from Trog
 13758 | D        | Got a silver rune of Zot
 13782 | D        | Identified the ring "Pasocae" {Drain rC+ rN+++ Str-4 Dex+5}
 13949 | D        | Noticed Nellie
 13968 | D        | Killed Nellie
 13974 | D        | Got a demonic rune of Zot
 14406 | D        | Acquired 828 gold pieces
 14458 | D        | Noticed Mennas
 14511 | D        | Killed Mennas
 15145 | D        | Reached skill level 15 in Stealth
 15612 | D        | Bought a potion of might for 44 gold pieces
 15612 | D        | Bought a potion of curing for 33 gold pieces
 15612 | D        | Bought a potion of haste for 110 gold pieces
 15655 | D        | Bought 2 potions of resistance for 240 gold pieces
 15655 | D        | Bought a potion of invisibility for 96 gold pieces
 15666 | D        | Bought a scroll of fog for 22 gold pieces
 15666 | D        | Bought a scroll of fog for 22 gold pieces
 15666 | D        | Bought a scroll of fog for 22 gold pieces
 15666 | D        | Bought a scroll of summoning for 104 gold pieces
 15798 | D        | Found a blossoming altar of Fedhas.
 15802 | D        | Received a gift from Trog
 15910 | D        | Bought 2 scrolls of summoning for 209 gold pieces
 15910 | D        | Bought a scroll of enchant armour for 82 gold pieces
 16124 | D        | Reached skill level 15 in Evocations
 16422 | D        | Received a gift from Trog
 16443 | D        | Identified the ring "Monyhesh" {rPois rC+}
 16461 | D        | Got an obsidian rune of Zot
 16549 | D        | Noticed an Ice Fiend
 16554 | D        | Killed an Ice Fiend
 16555 | D        | Reached XP level 17. HP: 125/191 MP: 22/22
 16739 | D        | Noticed Antaeus
 16805 | D        | Killed Antaeus
 16809 | D        | Got an icy rune of Zot
 17177 | D        | Noticed an Ice Fiend
 17187 | D        | Killed an Ice Fiend
 17189 | D        | Identified the +0 pair of gloves of Hopscotch {rPois rF+
                  | rN+ MP-9}
 17263 | D        | Noticed an Ice Fiend
 17275 | D        | Killed an Ice Fiend
 17540 | D        | Noticed an Ice Fiend
 17546 | D        | Killed an Ice Fiend
 17546 | D        | Received a gift from Trog
 17579 | D        | Noticed an Ice Fiend
 17594 | D        | Killed an Ice Fiend
 17911 | D        | Noticed a royal mummy
 17925 | D        | Killed a royal mummy
 17939 | D        | Received a gift from Trog
 18297 | D        | Noticed a royal mummy
 18297 | D        | Noticed Gloorx Vloq
 18297 | D        | Noticed a royal mummy
 18304 | D        | HP: 14/286 [poisoned by Gloorx Vloq (poison arrow)]
 18306 | D        | Mangled by Gloorx Vloq

Illustrated notes

Levels and vault maps discovered:
D:        dungeon_sprint_mu [sprint_mu_entry_forest, sprint_mu_temple_rooms,
          sprint_mu_d1_spiders, sprint_mu_d2_genie, sprint_mu_d3_branching,
          sprint_mu_orc_legion, sprint_mu_elf_gauntlet, sprint_mu_hive_nellie,
          sprint_mu_lair_fedhas, sprint_mu_vaults_butterflies,
          sprint_mu_slime_circle, sprint_mu_shoals_archi,
          sprint_mu_snake_twists, sprint_mu_blade_basic, sprint_mu_crypt_lich,
          sprint_mu_tomb_spiral, sprint_mu_vestibule_basic,
          sprint_mu_gehenna_hellfire, sprint_mu_dis_giant,
          sprint_mu_tartarus_statrot, sprint_mu_cocytus_islands, sprint_mu_zot1]

Skill      XL: |  1  2  3  4  5  6  7  8  9 10 11 12 13 14 15 16 17 |
---------------+----------------------------------------------------+-----
Fighting       | 5 7 9 11 12 13 15 16 19 22 25 27 | 27.0
Polearms       | 5 8 11 13 14 16 18 20 23 24 26 27 | 27.0
Armour         | 3 4 6 7 8 10 11 13 15 18 22 27 | 27.0
Dodging        | 3 4 5 6 7 8 9 10 11 12 | 12.7
Stealth        | 1 2 3 4 5 16 17 | 17.9
Evocations     | 1 3 5 15 19 | 19.3
Throwing       | 1 4 5 7 |  7.7
Shields        | 5 15 27 | 27.0
Short Blades   | 3 6 |  6.1
Long Blades    | 4 6 |  6.7
Axes           | 3 6 |  6.2
Maces & Flails | 3 6 |  6.3
Staves         | 3 6 |  6.2
Slings         | 3 5 |  5.7
Bows           | 3 5 |  5.7
Crossbows      | 3 5 |  5.8
Unarmed Combat | 3 5 |  5.7
Invocations    | 3 5 |  5.2

Action                   |  1- 3 |  4- 6 |  7- 9 | 10-12 | 13-15 | 16-18 || total
-------------------------+-------+-------+-------+-------+-------+-------++-------
Melee: Spear             |    20 |    22 |    33 |       |       |       ||    75
       Headbutt          |     4 |     2 |    12 |    63 |   228 |   116 ||   425
       Punch             |       |       |     2 |     4 |     6 |       ||    12
       Halberd           |       |       |    30 |       |       |       ||    30
       Bardiche          |       |       |    16 |     5 |       |       ||    21
       Glaive            |       |       |       |    87 |       |       ||    87
       Trident           |       |       |       |   196 |       |       ||   196
       Lance             |       |       |       |   105 |   908 |   500 ||  1513
Throw: Javelin           |       |       |       |     1 |       |       ||     1
       Dart              |       |       |       |       |     3 |     1 ||     4
Invok: Berserk           |     4 |     3 |     4 |    10 |    19 |     9 ||    49
       Brothers in Arms  |       |       |       |       |     4 |     9 ||    13
       Trog's Hand       |       |       |       |       |     1 |     1 ||     2
Evoke: Box of beasts     |       |       |     1 |     1 |       |       ||     2
       Wand              |       |       |       |       |    10 |    14 ||    24
       Horn of Geryon    |       |       |       |       |       |     1 ||     1
       Condenser vane    |       |       |       |       |       |     1 ||     1
  Use: Potion            |     3 |       |       |     2 |     2 |    10 ||    17
       Scroll            |       |       |       |     2 |     4 |    21 ||    27
 Stab: Sleeping          |     1 |       |       |       |       |       ||     1
       Distracted        |       |       |       |       |     1 |     3 ||     4
Armor: Scale mail        |     3 |     6 |     4 |    28 |       |       ||    41
       Chain mail        |       |       |       |    20 |       |       ||    20
       Gold dragon scale |       |       |       |    39 |   327 |    95 ||   461
Dodge: Dodged            |     7 |     5 |     8 |   114 |   152 |    68 ||   354
Block: Other             |       |       |       |       |    40 |       ||    40
       Tower shield      |       |       |       |       |   276 |   262 ||   538
       Reflection        |       |       |       |       |    26 |     3 ||    29

Table legend: (Time is in decaauts) A = Elapsed time spent in this place. B = Non-inter-level travel time spent in this place. C = Inter-level travel time spent in this place. D = Time resting spent in this place. E = Time spent auto-exploring this place. F = Levels seen in this place. G = Mean time per level. A B C D E F G +--------+--------+--------+--------+--------+-----+--------+ Total | 17914 | 17189 | 725 | 12099 | 18 | 1 | 17914.0 | Dungeon | 17914 | 17189 | 725 | 12099 | 18 | 1 | 17914.0 | +--------+--------+--------+--------+--------+-----+--------+

Top non-repeatable levels by time:
       D: 17914 daAuts
